 Dungeon Crawl Stone Soup version 0.30-a0-1006-g5d778dfbfc (webtiles) character file.

Game seed: 873365116667175729

8625 Dirian the Cleaver (level 11, -1/95 HPs)
             Began as a Minotaur Berserker on Apr 5, 2023.
             Was an Elder of Trog.
             Slain by a nine-headed hydra (8 damage)
             ... on level 9 of the Dungeon.
             The game lasted 00:18:32 (9388 turns).

Dirian the Cleaver (Minotaur Berserker)             Turns: 9388, Time: 00:18:33

Health: -1/95      AC: 20    Str: 23    XL:     11   Next: 12%
Magic:  10/10      EV:  8    Int:  9    God:    Trog [****..]
Gold:   551        SH: 11    Dex: 10    Spells: 11/11 levels left

rFire   + + .      SeeInvis .    b - +4 scimitar (flame)
rCold   + . .      Faith    .    D - +2 kite shield
rNeg    . . .      Spirit   .    C - +7 chain mail of Besecoq {rPois Str-3 Int+5 Slay+4}
rPois   +          Reflect  .    (helmet restricted)
rElec   .          Rampage  .    y - scarf {rC+ rF+}
rCorr   .                        q - +0 pair of gloves
Will    ++...                    (no boots) Stlth
                                 (no amulet)
HPRegen 1.35/turn                n - ring of protection from fire
MPRegen 0.12/turn                (no ring)

@: strong-willed, regenerating
A: horns 2, retaliatory headbutt
a: Renounce Religion, Berserk, Trog's Hand, Brothers in Arms


You were on level 9 of the Dungeon.
You worshipped Trog.
Trog was greatly pleased with you.
You visited 1 branch of the dungeon, and saw 9 of its levels.

You collected 626 gold pieces.
You spent 75 gold pieces at shops.

Inventory:

Hand Weapons
 a - a +1 heavy war axe
 b - a +4 scimitar of flaming (weapon)
Missiles
 m - 2 throwing nets (quivered)
 A - 6 boomerangs
Armour
 q - a +0 pair of gloves (worn)
 s - a +2 tower shield
 y - a scarf of resistance (worn)
 C - the +7 chain mail of Besecoq (worn) {rPois Str-3 Int+5 Slay+4}
   (You found it on level 7 of the Dungeon)

   Str:       It affects your strength (-3).
   Int:       It affects your intelligence (+5).
   Slay:      It affects your accuracy & damage with ranged weapons and melee
   (+4).
   rPois:     It protects you from poison.
 D - a +2 kite shield (worn)
Jewellery
 n - a ring of protection from fire (left hand)
Wands
 c - a wand of acid (8)
 l - a wand of flame (28)
 p - a wand of iceblast (7)
 v - a wand of digging (5)
Scrolls
 g - 2 scrolls of fog
 k - a scroll of magic mapping
 o - 2 scrolls of fear
 r - a scroll of identify
 t - 2 scrolls of teleportation
 z - a scroll of blinking
 B - a scroll of poison {unknown}
 E - a scroll of acquirement {unknown}
Potions
 d - a potion of might
 e - a potion of mutation
 f - 2 potions of flight
 h - a potion of lignification
 i - 2 potions of cancellation
 j - 4 potions of attraction
 u - 2 potions of invisibility
 w - 3 potions of heal wounds
 x - a potion of curing {unknown}


   Skills:
 + Level 8.5 Fighting
 + Level 12.5 Axes
 * Level 4.9 Throwing
 + Level 10.3 Armour
 - Level 2.1 Dodging
 + Level 6.3 Shields
 - Level 0.6 Spellcasting
 * Level 4.8 Evocations


You had 11 spell levels left.
You didn't know any spells.
Your spell library was empty.

Dungeon Overview and Level Annotations

Branches:
Dungeon (9/15) Zot: 26235  Temple (0/1) D:7
   Lair: D:8-11         Orc: D:9-12

Altars:
Ashenzari
Cheibriados
Dithmenos
Gozag
Hepliaklqana
Makhleb
Ru
Sif Muna
Trog
Wu Jian
Xom
Yredelemnul
Zin
The Shining One

Shops:
D:9 *

Annotations:
D:3 need dig
D:9 jazmu's ghost, novice DgHs


Innate Abilities, Weirdness & Mutations

You have a pair of horns on your head.
You reflexively headbutt those who attack you in melee.


Message History

b - a +4 scimitar of flaming (weapon)
You block the 11-headed hydra's attack. The 11-headed hydra bites you.
You block the 11-headed hydra's attack. x2
The 11-headed hydra barely misses you. The 11-headed hydra closely misses you.
You block the 11-headed hydra's attack. The 11-headed hydra bites you.
The 11-headed hydra bites you!
The 11-headed hydra bites you but does no damage.
The 11-headed hydra barely misses you.
You slice one of the 11-headed hydra's heads off!
The flame cauterises the wound!
You slash the ten-headed hydra! You burn the ten-headed hydra.
The ten-headed hydra is lightly wounded.
The ten-headed hydra bites you but does no damage.
You block the ten-headed hydra's attack. x2
The ten-headed hydra bites you but does no damage.
The ten-headed hydra bites you! x3; The ten-headed hydra barely misses you.
The ten-headed hydra bites you! The ten-headed hydra bites you.
The ten-headed hydra closely misses you.
The ten-headed hydra bites you but does no damage. x3
The ten-headed hydra barely misses you. The ten-headed hydra bites you.
The ten-headed hydra bites you!
* * * LOW HITPOINT WARNING * * *
The ten-headed hydra bites you but does no damage.
The ten-headed hydra bites you!
* * * LOW HITPOINT WARNING * * *
The ten-headed hydra bites you but does no damage.
You hack one of the ten-headed hydra's heads off!
The flame cauterises the wound!
You slash the nine-headed hydra! You burn the nine-headed hydra.
The nine-headed hydra is heavily wounded.
The nine-headed hydra closely misses you.
You furiously retaliate!
You headbutt the nine-headed hydra! The nine-headed hydra bites you!
* * * LOW HITPOINT WARNING * * *
You block the nine-headed hydra's attack. x2
The nine-headed hydra bites you.
* * * LOW HITPOINT WARNING * * *
The nine-headed hydra bites you but does no damage. x2
The nine-headed hydra bites you!
You die...

..# #..# #..# #..# #..# ..#
#.)#####.÷########..#####..# ..#
#...........................
..####...........................
........#####..########..#######.
........# #..# #..# #. ..####..#
#..# #..# #. ..#
#..#####..########..#######. ..#
#........WD@................
..####....##'''##.....#..........
.........##.....##....#.........#
.........#......~#...###........#
..####...#♣..)...#...#_#........#
..# #...#....(.♣#..##.##.......#
..# #...##.?..~##..#...#.......#
..####....##.~♣##..##...##......#
..))....### ##...#.....#......#


You could see a nine-headed hydra and jazmu's ghost.

Vanquished Creatures
  Erica (D:9)
  A skeletal warrior (D:8)
  The ghost of gabibbone the Gusty, a novice OpAE (D:6)
  A troll (D:7)
  A wyvern (D:7)
  7 yaks (D:8)
  Eustachio (D:5)
  A steam dragon (D:8)
  A redback (shapeshifter) (D:8)
  3 water moccasins (D:7)
  3 orc warriors
  2 sky beasts
  4 ice beasts
  A black bear (D:8)
  3 ogres
  4 centaurs
  2 phantoms
  2 kobold brigands (D:8)
  8 bullfrogs
  3 gnoll sergeants (D:7)
  16 wights
  3 scorpions
  5 killer bees (D:8)
  A vampire bat (D:4)
  8 howler monkeys
  4 hounds
  An iron imp (D:6)
  3 jellies
  2 iguanas
  10 orc priests
  8 orc wizards
  3 hell rats (D:7)
  5 adders
  4 gnolls (D:6)
  4 river rats (D:7)
  A shadow imp (D:7)
  2 white imps
  3 dart slugs
  37 orcs
  6 ball pythons
  13 bats
  6 endoplasms
  2 giant cockroaches
  4 hobgoblins
  9 jackals (D:1)
  11 quokkas
  7 frilled lizards
  6 goblins
  2 kobolds
  40 rats
276 creatures vanquished.

Vanquished Creatures (others)
  A sky beast (D:8)
  A gnoll sergeant (D:6)
  A gnoll (D:6)
  6 plants (D:9)
9 creatures vanquished.

Grand Total: 285 creatures vanquished

Notes
Turn   | Place    | Note
-------+----------+-------------------------------------------
     0 | D:1      | Dirian the Minotaur Berserker began the quest for the Orb.
     0 | D:1      | Reached XP level 1. HP: 19/19 MP: 0/0
   148 | D:1      | Reached XP level 2. HP: 10/27 MP: 1/1
   245 | D:1      | Reached skill level 4 in Axes
   638 | D:1      | Reached XP level 3. HP: 7/33 MP: 2/2
  1277 | D:2      | Found a faded altar of an unknown god.
  1780 | D:2      | You fall into a shaft and drop 2 floors!
  1891 | D:3      | Found a hazy altar of Hepliaklqana.
  2245 | D:2      | Found a shimmering blue altar of Sif Muna.
  2600 | D:3      | Reached XP level 4. HP: 41/41 MP: 3/3
  2610 | D:3      | Reached skill level 5 in Axes
  2612 | D:3      | Reached ** piety under Trog
  2973 | D:4      | Reached skill level 1 in Shields
  3124 | D:4      | Reached XP level 5. HP: 43/47 MP: 4/4
  3195 | D:4      | Noticed an ogre
  3204 | D:4      | Killed an ogre
  3205 | D:4      | Reached skill level 6 in Axes
  3209 | D:4      | Reached XP level 6. HP: 55/55 MP: 5/5
  3213 | D:4      | Reached skill level 5 in Fighting
  3496 | D:5      | Entered Level 5 of the Dungeon
  3499 | D:5      | Noticed Eustachio
  3511 | D:5      | Killed Eustachio
  3512 | D:5      | Reached skill level 7 in Axes
  3512 | D:5      | Reached XP level 7. HP: 61/61 MP: 6/6
  3609 | D:5      | Reached skill level 5 in Armour
  3943 | D:5      | Found an ornate altar of the Wu Jian Council.
  4094 | D:5      | Reached *** piety under Trog
  4306 | D:5      | Found an opulent altar of Gozag.
  4316 | D:5      | Reached skill level 8 in Axes
  4385 | D:5      | Reached XP level 8. HP: 70/70 MP: 7/7
  4671 | D:6      | Reached skill level 9 in Axes
  4816 | D:6      | Found a burning altar of Makhleb.
  4817 | D:6      | Found a broken altar of Ashenzari.
  4921 | D:6      | Found a basalt altar of Yredelemnul.
  5103 | D:6      | Reached skill level 5 in Shields
  5198 | D:6      | Found a snail-covered altar of Cheibriados.
  5545 | D:6      | Found a runed translucent door.
  5545 | D:6      | Noticed gabibbone's ghost (novice OpAE)
  5645 | D:6      | Found a glowing golden altar of the Shining One.
  5751 | D:6      | Reached XP level 9. HP: 78/78 MP: 8/8
  5757 | D:6      | Killed gabibbone's ghost
  5758 | D:6      | Reached skill level 1 in Throwing
  5802 | D:7      | Reached skill level 10 in Axes
  5802 | D:7      | Reached skill level 1 in Evocations
  6063 | D:7      | Found a shadowy altar of Dithmenos.
  6067 | D:7      | Identified the +7 chain mail of Besecoq {rPois Str-3 Int+5
                  | Slay+4}
  6782 | D:7      | Found a glowing silver altar of Zin.
  6997 | D:7      | Noticed a troll
  7006 | D:7      | Killed a troll
  7028 | D:7      | Found a staircase to the Ecumenical Temple.
  7135 | D:7      | Reached skill level 11 in Axes
  7135 | D:7      | Reached XP level 10. HP: 81/86 MP: 9/9
  7151 | D:7      | Reached **** piety under Trog
  8416 | D:8      | Noticed a skeletal warrior
  8426 | D:8      | Reached skill level 10 in Armour
  8430 | D:8      | Reached skill level 12 in Axes
  8434 | D:8      | Killed a skeletal warrior
  8769 | D:9      | Reached XP level 11. HP: 95/95 MP: 10/10
  8855 | D:9      | Noticed Erica
  8872 | D:9      | Killed Erica
  8993 | D:9      | Found Erassourph's General Store.
  9003 | D:9      | Bought a scroll of blinking for 75 gold pieces
  9060 | D:9      | Found a runed translucent gate.
  9061 | D:9      | Found a runed translucent gate.
  9076 | D:9      | Found a runed translucent gate.
  9077 | D:9      | Noticed jazmu's ghost (novice DgHs)
  9078 | D:9      | Noticed an 11-headed hydra
  9127 | D:9      | Found a sacrificial altar of Ru.
  9140 | D:9      | Found a shimmering altar of Xom.
  9150 | D:9      | Found a bloodstained altar of Trog.
  9388 | D:9      | Slain by a nine-headed hydra

Illustrated notes

Levels and vault maps discovered:
D:1:      sevenhm_arrival_forest_fort_large_2, layout_basic
D:2:      layout_basic, hellmonk_ecumenical_altar_inner_sanctum, basic_altar
D:3:      layout_loops_ring, nzn_hepliaklqana_mist_gate, serial_glass,
          glass_columns_c, glass_columns_b, due_unseen_surprise,
          minmay_strange_pillars, minmay_strange_pillars, reono_crystal_passage,
          minmay_rat_hole
D:4:      layout_cave_pools, roderic_batcave
D:5:      minmay_general_purpose_star, layout_loops_ring,
          mainiacjoe_overflow_alcove_2, pdpol_wu_jian_five_deadly_venoms,
          kennysheep_generic_room_13, uniq_eustachio
D:6:      layout_loops_ring, slow_altar_1, kennysheep_mini,
          mainiacjoe_overflow_24_doors,
          chequers_temple_overflow_statue_of_worship, ebering_ghost_sewer_d,
          minmay_misc_feat_room
D:7:      lemuel_ratsnest, layout_basic, mainiacjoe_overflow_alcove_4,
          mainiacjoe_overflow_tiny_flanked, minmay_temple_entry_ruins,
          sword_in_stone
D:8:      cheibrodos_barr_body, layout_cave_pools, serial_park,
          serial_park_square1 [serial_park_minivault_5x5_1], serial_park_square1
          [serial_park_minivault_5x5_3], serial_park_square3
          [serial_park_minivault_5x5_2], serial_park_tiny_2
D:9:      layout_small_grid, minmay_overflow_temple_star_quad, serial_shops,
          nicolae_shop_waterfront, gammafunk_ghost_hydra_chop,
          dk_noncrumbling_3, uniq_erica

Skill      XL: |  1  2  3  4  5  6  7  8  9 10 |
---------------+-------------------------------+-----
Fighting       | 4 5 6 7 8 |  8.5
Axes           | 4 5 6 7 8 9 11 12 | 12.5
Shields        | 1 2 3 5 6 |  6.3
Armour         | 3 4 6 7 9 10 | 10.3
Throwing       | 2 4 |  4.9
Evocations     | 3 4 |  4.8
Dodging        | |  2.1
Spellcasting   | |  0.6

Action                     |  1- 3 |  4- 6 |  7- 9 | 10-12 || total
---------------------------+-------+-------+-------+-------++-------
  Melee: Hand axe          |   124 |   120 |   312 |    70 ||   626
         Headbutt          |     8 |    21 |    49 |    32 ||   110
         Punch             |       |     1 |     2 |       ||     3
         War axe           |       |       |       |   127 ||   127
         Scimitar          |       |       |       |     2 ||     2
 Invoke: Trog's Hand       |       |     2 |     6 |     3 ||    11
         Berserk           |       |     2 |     4 |     2 ||     8
  Evoke: Wand              |       |       |     1 |       ||     1
    Use: Scroll            |       |     6 |     8 |     3 ||    17
         Potion            |       |     4 |       |     3 ||     7
   Stab: Sleeping          |     2 |       |       |       ||     2
 Armour: Animal skin       |    22 |       |       |       ||    22
         Leather armour    |    14 |    14 |       |       ||    28
         Ring mail         |       |    36 |     7 |       ||    43
         Chain mail        |       |       |   111 |   102 ||   213
  Dodge: Dodged            |    94 |    64 |   120 |    59 ||   337
  Block: Kite shield       |       |       |    14 |   122 ||   136

Table legend: (Time is in decaauts)
 A = Elapsed time spent in this place.
 B = Non-inter-level travel time spent in this place.
 C = Inter-level travel time spent in this place.
 D = Time resting spent in this place.
 E = Time spent auto-exploring this place.
 F = Levels seen in this place.
 G = Mean time per level.
                   A        B        C        D        E       F      G
               +--------+--------+--------+--------+--------+-----+--------+
         Total |   9447 |   9088 |    359 |    173 |   7175 |   9 | 1049.7 |
       Dungeon |   9447 |   9088 |    359 |    173 |   7175 |   9 | 1049.7 |
               +--------+--------+--------+--------+--------+-----+--------+

Top non-repeatable levels by time:
     D:7: 1477 daAuts
     D:6: 1233 daAuts
     D:1: 1219 daAuts
     D:8: 1197 daAuts
     D:5: 1164 daAuts
     D:2: 861 daAuts
     D:3: 797 daAuts
     D:9: 763 daAuts
     D:4: 732 daAuts
